 Dungeon Crawl Stone Soup version 0.24-a0-292-g5c6fb1c (webtiles) character file.

Game seed: 9690372639545419161

1253 galech the Chopper (level 8, -8/61 HPs)
             Began as a Demonspawn Fighter on May 10, 2019.
             Was a Believer of Okawaru.
             Mangled by Harold
             ... wielding a +0 glaive
              (15 damage)
             ... on level 7 of the Dungeon.
             The game lasted 00:06:36 (6189 turns).

galech the Chopper (Demonspawn Fighter)             Turns: 6189, Time: 00:06:36

Health: -8/61      AC:  9    Str: 16    XL:     8   Next: 26%
Magic:  0/8        EV: 11    Int:  9    God:    Okawaru [**....]
Gold:   241        SH: 18    Dex: 16    Spells: 7/7 levels left

rFire    . . .     SeeInvis .   a - +0 war axe
rCold    . . .     Gourm    .   g - +1 large shield
rNeg     . . .     Faith    .   b - +0 scale mail
rPois    +         Spirit   +   (helmet restricted)
rElec    .         Reflect  .   o - +0 cloak
rCorr    .         Harm     .   (no gloves)
MR       .....                  (no boots)
Stlth    ++........             (no amulet)
HPRegen  0.20/turn              i - ring of poison resistance
MPRegen  0.22/turn              j - ring of flight

@: heroism, marked
A: antennae 1, claws 1, talons 1, powered by pain 1, magic shield, magic
regeneration
a: Heroism, Renounce Religion, Evoke Flight


You were on level 7 of the Dungeon.
You worshipped Okawaru.
Okawaru was pleased with you.
You were hungry.

You visited 2 branches of the dungeon, and saw 8 of its levels.

You collected 241 gold pieces.

Inventory:

Hand Weapons
 a - a +0 war axe (weapon)
Armour
 b - a +0 scale mail (worn)
 d - a +0 leather armour of cold resistance
 g - a +1 large shield (worn)
 o - a +0 cloak (worn)
 w - a +2 pair of gloves
 y - the +1 robe "Kick" {+Blink rF+ Dex-2}
   (You found it on level 5 of the Dungeon)

   It affects your dexterity (-2).
   It protects you from fire.
   It lets you blink.
Jewellery
 i - a ring of poison resistance (left claw)
 j - a ring of flight (right claw)
Scrolls
 c - a scroll of teleportation
 e - 4 scrolls of enchant armour
 l - 2 scrolls of fog
 n - 2 scrolls of blinking {unknown}
 s - 2 scrolls of magic mapping {unknown}
 t - a scroll of fear {unknown}
 u - a scroll of noise {unknown}
 v - 2 scrolls of identify {unknown}
 x - 2 scrolls of amnesia {unknown}
 z - a scroll of immolation {unknown}
Potions
 h - 2 potions of curing {unknown}
 k - a potion of berserk rage {unknown}
 m - a potion of mutation {unknown}
 p - a potion of lignification {unknown}
 q - a potion of heal wounds {unknown}
 r - 3 potions of brilliance {unknown}
 A - 2 potions of agility
Comestibles
 f - 9 rations
 B - a chunk of flesh


   Skills:
 + Level 4.6(9.6) Fighting
 + Level 5.9(10.9) Axes
 + Level 4.2(9.2) Armour
 + Level 2.1(7.1) Dodging
 + Level 0.3(5.3) Stealth
 + Level 5.4(10.4) Shields


You had 7 spell levels left.
You didn't know any spells.
Your spell library was empty.

Dungeon Overview and Level Annotations

Branches:
Dungeon (7/15)             Temple (1/1) D:6

Altars:
Ashenzari
Fedhas
Hepliaklqana
Kikubaaqudgha
Makhleb
Okawaru
Qazlal
Trog
Uskayaw
Vehumet
Wu Jian
Xom
Yredelemnul
The Shining One

Annotations:
D:7 Harold


Innate Abilities, Weirdness & Mutations

You have a pair of small antennae on your head.
You have sharp fingernails.
You have sharp toenails.
You sometimes gain a little power by taking damage.
When hurt, damage is shared between your health and your magic reserves.
You regenerate magic rapidly.


Message History

You tear a large gash into the net.
Harold hits you from afar with a +0 glaive!!
You struggle against the net.
You rip the net and break free!
Harold hits you from afar with a +0 glaive!
You block Harold's attack.
You hit Harold but do no damage. You claw Harold, but do no damage.
Harold hits you with a +0 glaive.
You hit Harold. You claw Harold, but do no damage.
Harold is lightly wounded.
Harold hits you with a +0 glaive!
* * * LOW HITPOINT WARNING * * *
You slash Harold!
Harold is moderately wounded.
Harold casts a spell at you. A sentinel's mark forms upon you.
You hit Harold but do no damage. Your kick misses Harold.
Harold is moderately wounded.
Harold hits you with a +0 glaive!
You die...

#########
#..)....# #.
#.......## #.
#.........
#####.###..>.....#
.................
##.≈≈≈...@.......
#...≈....@[..?#
#.≈≈≈....##..##
#..!..(.## ....
##.##(#..# .##..
#...÷##.# .# .
####.##.##.##
#.........#
#..$......#
#.........#


You could see Harold.

Vanquished Creatures
  Eustachio (D:4)
  Duvessa (D:6)
  A black bear (D:7)
  Blork the orc (D:5)
  A bullfrog (D:4)
  A scorpion (D:6)
  Dowan (D:6)
  5 wights (D:6)
  A jelly (D:5)
  A hound (D:6)
  Crazy Yiuf (D:2)
  A centaur skeleton (D:4)
  An iguana (D:5)
  Natasha (thrice) (D:2)
  2 worker ants (D:4)
  A hound zombie (D:5)
  10 adders
  A shadow imp (D:6)
  5 worms
  6 dart slugs
  2 leopard geckos (D:4)
  2 orcs
  7 bats
  3 giant cockroaches
  6 goblins
  3 hobgoblins
  10 jackals
  7 kobolds
  4 quokkas
  6 ball pythons
  8 frilled lizards
  A jackal skeleton (D:5)
  A jackal zombie (D:5)
  A leopard gecko zombie (D:6)
  3 rats
109 creatures vanquished.

Notes
Turn   | Place    | Note
-------+----------+-------------------------------------------
     0 | D:1      | galech the Demonspawn Fighter began the quest for the Orb.
     0 | D:1      | Reached XP level 1. HP: 18/18 MP: 1/1
   309 | D:1      | Gained mutation: When hurt, damage is shared between your
                  | health and your magic reserves. [demonic ancestry]
   309 | D:1      | Reached XP level 2. HP: 24/24 MP: 2/2
  1051 | D:2      | Found a glowing golden altar of the Shining One.
  1248 | D:2      | Gained mutation: You sometimes gain a little power by
                  | taking damage. [demonic ancestry]
  1248 | D:2      | Reached XP level 3. HP: 29/29 MP: 3/3
  1272 | D:2      | Noticed Natasha
  1285 | D:2      | Killed Natasha
  1325 | D:2      | Reached XP level 4. HP: 29/35 MP: 1/4
  1591 | D:2      | Noticed Natasha
  1610 | D:2      | Killed Natasha
  2015 | D:2      | Noticed Natasha
  2020 | D:2      | Killed Natasha
  2020 | D:2      | Gained mutation: You have sharp toenails. [demonic
                  | ancestry]
  2020 | D:2      | Reached XP level 5. HP: 41/41 MP: 5/5
  2103 | D:2      | Found an ancient bone altar of Kikubaaqudgha.
  2140 | D:2      | Found a runed translucent door.
  2141 | D:2      | Noticed Crazy Yiuf
  2431 | D:2      | Killed Crazy Yiuf
  2855 | D:3      | You fall through a shaft for 3 floors!
  2901 | D:6      | Found a staircase to the Ecumenical Temple.
  2909 | Temple   | Entered the Ecumenical Temple
  2962 | Temple   | Became a worshipper of Warmaster Okawaru
  3072 | D:6      | Noticed Duvessa
  3075 | D:6      | Noticed Dowan
  3083 | D:6      | Killed Dowan
  3083 | D:6      | Reached skill level 1 in Dodging
  3083 | D:6      | Gained mutation: You regenerate magic rapidly. [demonic
                  | ancestry]
  3083 | D:6      | Reached XP level 6. HP: 23/48 MP: 3/6
  3086 | D:6      | Killed Duvessa
  3086 | D:6      | Reached * piety under Okawaru
  3586 | D:5      | Entered Level 5 of the Dungeon
  3681 | D:3      | Found a stormy altar of Qazlal.
  3858 | D:3      | Found an ornate altar of the Wu Jian Council.
  4009 | D:4      | Gained mutation: You have a pair of small antennae on your
                  | head. [demonic ancestry]
  4009 | D:4      | Reached XP level 7. HP: 54/54 MP: 7/7
  4208 | D:4      | Noticed Eustachio
  4241 | D:4      | Killed Eustachio
  4283 | D:4      | Reached skill level 5 in Axes
  5339 | D:5      | Reached skill level 5 in Shields
  5362 | D:5      | Got a heavily jewelled robe
  5382 | D:5      | Identified the +1 robe "Kick" {+Blink rF+ Dex-2} (You found
                  | it on level 5 of the Dungeon)
  5432 | D:5      | Found a blossoming altar of Fedhas.
  5493 | D:5      | Noticed Blork the orc
  5505 | D:5      | Killed Blork the orc
  5505 | D:5      | Reached ** piety under Okawaru
  5710 | D:5      | Found a bloodstained altar of Trog.
  5971 | D:6      | Gained mutation: You have sharp fingernails. [demonic
                  | ancestry]
  5971 | D:6      | Reached XP level 8. HP: 60/61 MP: 8/8
  6176 | D:7      | Noticed Harold
  6189 | D:7      | Mangled by Harold

Levels and vault maps discovered:
D:1:      matt_arrival_los_fun, layout_loops_corners, hangedman_decor_points,
          corexii_hall_statues_i, st_stairs_9, serial_park_tiny_pond,
          minmay_statues_item, minmay_tall_x
D:2:      minmay_recursive_quarters, layout_basic, tso_metal_star,
          lemuel_round_altar, first_ration, uniq_crazy_yiuf_cottage,
          uniq_natasha
D:3:      layout_basic, lemuel_coloured_pillars_altar, grunt_qazlal_clouds
D:4:      layout_basic, chequers_serial_rivers_large_b, uniq_eustachio
D:5:      layout_loops_cross, lemuel_crystal_altar, roderic_lattice_a,
          trog_butcher_becter, uniq_blork_the_orc
D:6:      layout_basic, minmay_temple_entry_butterflies, uniq_duvessa
D:7:      layout_loops_cross, marbit_many_paths, serial_rivers,
          chequers_serial_rivers_micro_c, chequers_serial_rivers_room_a,
          chequers_serial_rivers_small_a, chequers_serial_rivers_micro_d,
          chequers_serial_rivers_micro_c, kennysheep_flooded_box,
          grunt_ogre_cave, water_maze_lemuel, uniq_harold
Temple:   nicolae_temple_god_jail

Skill      XL: |  1  2  3  4  5  6  7 |
---------------+----------------------+-----
Armour         | 3 4 |  4.2
Shields        | 3 4 5 |  5.4
Axes           | 2 3 4 5 |  5.9
Dodging        | 1 2 |  2.1
Fighting       | 4 |  4.6
Stealth        | |  0.3

Action                   |  1- 3 |  4- 6 |  7- 9 || total
-------------------------+-------+-------+-------++-------
Melee: War axe           |    71 |   170 |   163 ||   404
       Kick              |       |    24 |    53 ||    77
Invok: Heroism           |       |       |     1 ||     1
  Use: Scroll            |       |     3 |       ||     3
       Potion            |       |     1 |       ||     1
  Eat: Chunk             |     1 |     9 |     7 ||    17
Armor: Scale mail        |    28 |    81 |    58 ||   167
Dodge: Dodged            |    10 |    41 |    38 ||    89
Block: Shield            |    10 |       |       ||    10
       Large shield      |    40 |   158 |   138 ||   336

Table legend:
 A = Non-vault XP
 B = Vault XP
 C = Vault XP percentage of total XP
 D = Non-vault monster count
 E = Vault monster count
 F = Vault count percentage of total count
                 A         B        C        D         E       F
            +---------+---------+-------+---------+---------+-------
      Total |    1144 |     646 |  36.1 |      85 |      24 |  22.0
            +---------+---------+-------+---------+---------+-------
        D:1 |       9 |      11 |  55.0 |       4 |       6 |  60.0
        D:2 |     135 |     106 |  44.0 |      26 |      10 |  27.8
        D:3 |      36 |       0 |   0.0 |      19 |       0 |   0.0
        D:4 |     250 |     214 |  46.1 |      14 |       1 |   6.7
        D:5 |     146 |     104 |  41.6 |       9 |       5 |  35.7
        D:6 |     442 |     211 |  32.3 |      12 |       2 |  14.3
        D:7 |     126 |       0 |   0.0 |       1 |       0 |   0.0
            +---------+---------+-------+---------+---------+-------
